 Dungeon Crawl Stone Soup version 0.21.1-1-g345015f (webtiles) character file.

747 suicidejoker the Insei (level 7, 0/46 HPs)
             Began as an Octopode Monk on Mar 26, 2018.
             Slain by an ogre
             ... wielding a +0 giant club
              (14 damage)
             ... on level 5 of the Dungeon on Mar 27, 2018.
             The game lasted 00:07:13 (2987 turns).

suicidejoker the Insei (Octopode Monk)              Turns: 2987, Time: 00:07:13

Health: 0/46       AC:  1    Str: 12    XL:     7   Next: 77%
Magic:  7/7        EV: 15    Int: 12    God:
Gold:   180        SH:  0    Dex: 15    Spells: 6/6 levels left

rFire    + . .     SeeInvis .     - Unarmed
rCold    x . .     Gourm    .   (no shield)
rNeg     . . .     Faith    .   (helmet restricted)
rPois    .         Spirit   .   (no amulet)
rElec    .         Reflect  .   h - ring of fire
rCorr    .         Harm     .   (no ring)
MR       .....                  (no ring)
Stlth    ++++......             (no ring)
HPRegen  0.15/turn              (no ring)
MPRegen  0.10/turn              (no ring)
                                (no ring)
                                (no ring)

@: no status effects
A: almost no armour, stealthy swim, amphibious, 8 rings, constrict 8, camouflage
1, gelatinous body 1
a: no special abilities


You were on level 5 of the Dungeon.
You were not hungry.

You visited 1 branch of the dungeon, and saw 5 of its levels.

You collected 180 gold pieces.

Inventory:

Hand Weapons
 p - a +1 battleaxe
Jewellery
 h - a ring of fire (left tentacle)
Wands
 g - a wand of iceblast (5)
 l - a wand of digging (14)
Scrolls
 b - 3 scrolls of teleportation
 c - a scroll of immolation
 d - 2 scrolls of remove curse
 e - a scroll of magic mapping
 f - 2 scrolls of blinking
 i - a scroll of identify
 k - 2 scrolls of amnesia
 n - a scroll of enchant weapon
Potions
 m - a potion of might
Comestibles
 a - 9 rations


   Skills:
 + Level 3.6 Fighting
 + Level 3.6 Dodging
 - Level 5.3 Stealth
 * Level 7.7 Unarmed Combat


You had 6 spell levels left.
You didn't know any spells.

Dungeon Overview and Level Annotations

Branches:
Dungeon (5/15)             Temple (0/1) D:4

Altars:

Annotations:
D:4 Grinder


Innate Abilities, Weirdness & Mutations

You cannot wear most types of armour.
You are very stealthy in the water. (Stealth+)
You are amphibious.
You can wear up to eight rings at the same time.
You can use your tentacles to constrict eight enemies at once.
Your skin changes colour to match your surroundings (Stealth+).
Your rubbery body absorbs attacks. (AC +1, EV +1)


Message History

a whip of flaming; a robe You see here a ring mail.
There is a stone staircase leading down here.
You start resting.
You feel a little less mighty now.
You start resting.
You can't go up here!
You climb downwards.
An ogre comes into view. It is wielding a giant club.
Found 16 arrows and 13 stones.
There is a stone staircase leading up here.
The helpless ogre fails to defend itself.
You bludgeon the ogre!
The ogre is moderately wounded.
You tentacle-slap the ogre. You squeeze the ogre.
The ogre is moderately wounded.
The ogre hits you with a giant club!!
* * * LOW HITPOINT WARNING * * *
You feel better. The ogre hits you with a giant club!
You die...

### ###..##
##.....##
.#####<......##
........@(.....#
.........O......
..............##
######........#
#......(.#
##.......#
#......##
###..###


You could see an ogre.

Vanquished Creatures
  Pikel (D:4)
  An ogre (D:4)
  3 slaves
  The ghost of jasper the Slasher, a weakling FoCK of Xom (D:3)
  2 hounds (D:4)
  2 worker ants (D:4)
  2 adders
  2 worms
  2 dart slugs
  4 leopard geckos
  4 orcs
  2 giant cockroaches
  5 goblins
  8 hobgoblins
  3 jackals (D:1)
  3 kobolds
  3 bats
  2 frilled lizards
  10 rats
60 creatures vanquished.

Notes
Turn   | Place    | Note
-------+----------+-------------------------------------------
     0 | D:1      | suicidejoker the Octopode Monk began the quest for the Orb.
     0 | D:1      | Reached XP level 1. HP: 16/16 MP: 1/1
   305 | D:1      | Reached XP level 2. HP: 21/21 MP: 2/2
   758 | D:2      | Reached XP level 3. HP: 20/26 MP: 3/3
  1561 | D:3      | Reached XP level 4. HP: 28/31 MP: 4/4
  1709 | D:3      | Noticed jasper's ghost (weakling FoCK)
  1723 | D:3      | Reached skill level 4 in Unarmed Combat
  1732 | D:3      | Killed jasper's ghost
  2083 | D:4      | Reached XP level 5. HP: 36/36 MP: 5/5
  2141 | D:4      | Reached skill level 5 in Unarmed Combat
  2214 | D:4      | Noticed Grinder
  2215 | D:4      | Noticed a slave
  2231 | D:4      | Noticed an ogre
  2239 | D:4      | Killed an ogre
  2239 | D:4      | Reached skill level 5 in Stealth
  2239 | D:4      | Reached XP level 6. HP: 35/42 MP: 6/6
  2256 | D:4      | Noticed a slave
  2258 | D:4      | Noticed a slave
  2259 | D:4      | Noticed a slave
  2275 | D:4      | Killed a slave
  2590 | D:3      | Killed a slave
  2750 | D:4      | Killed a slave
  2863 | D:4      | Noticed Pikel
  2872 | D:4      | HP: 1/42 [Pikel/whip of flaming (2)]
  2875 | D:4      | Killed Pikel
  2875 | D:4      | Reached skill level 7 in Unarmed Combat
  2875 | D:4      | Reached XP level 7. HP: 7/46 MP: 7/7
  2983 | D:5      | Entered Level 5 of the Dungeon
  2987 | D:5      | Slain by an ogre

Skill      XL: |  1  2  3  4  5  6 |
---------------+-------------------+-----
Stealth        | 3 4 5 |  5.3
Unarmed Combat | 4 5 7 |  7.7
Fighting       | |  3.6
Dodging        | |  3.6

Action                   |  1- 3 |  4- 6 |  7- 9 || total
-------------------------+-------+-------+-------++-------
Melee: Unarmed           |    68 |    78 |     2 ||   148
       Tentacles         |    24 |    14 |     1 ||    39
       Constrict         |    26 |    14 |       ||    40
       Punch             |       |     4 |       ||     4
  Use: Potion            |       |     5 |     1 ||     6
       Scroll            |       |     9 |       ||     9
 Stab: Sleeping          |    16 |     5 |     1 ||    22
       Distracted        |       |     1 |       ||     1
  Eat: Chunk             |     2 |     4 |       ||     6
Armor: Skin              |     4 |     2 |       ||     6
Dodge: Dodged            |    30 |    40 |       ||    70
